 Dungeon Crawl Stone Soup version 0.28.0-43-g3370ac3207 (webtiles) character file.

Game seed: 9136575147168775569

8094 safid the Severer (level 11, -1/100 HPs)
             Began as a Hill Orc Fighter on Mar 15, 2022.
             Was a Believer of Beogh.
             Killed from afar by a raiju (15 damage)
             ... with a living lightning
             ... on level 1 of the Abyss.
             The game lasted 00:21:26 (12911 turns).

safid the Severer (Hill Orc Fighter)               Turns: 12911, Time: 00:21:27

Health: -1/100     AC: 17    Str: 24      XL:     11   Next: 25%
Magic:  11/11      EV:  7    Int:  5 (6)  God:    Beogh [**....]
Gold:   300        SH:  4    Dex: 10      Spells: 10/10 levels left

rFire   . . .      SeeInvis +   p - +6 broad axe (flame)
rCold   . . .      Faith    .   c - +0 buckler
rNeg    . . .      Spirit   .   a - +0 plate armour
rPois   .          Reflect  .   x - +0 helmet
rElec   .          Harm     .   (no cloak)
rCorr   .          Rampage  .   y - +0 pair of gloves of Vlad {Int-2 Slay+2 SInv}
Will    .....                   (no boots)
Stlth   ..........              (no amulet)
HPRegen 0.26/turn               C - ring of flight
MPRegen 0.12/turn               (no ring)

@: about to teleport, flying, studying Conjurations
A: no striking features
a: Renounce Religion, Smiting


You were on level 1 of the Abyss.
You worshipped Beogh.
Beogh was pleased with you.
You visited 1 branch of the dungeon, and saw 9 of its levels.
You visited the Abyss 1 time.
You also visited: Ossuary.

You collected 300 gold pieces.

Inventory:

Hand Weapons
 p - a +6 broad axe of flaming (weapon)
Missiles
 j - 46 poisoned darts (quivered)
Armour
 a - a +0 plate armour (worn)
 c - a +0 buckler (worn)
 x - a +0 helmet (worn)
 y - the +0 pair of gloves of Vlad (worn) {Int-2 Slay+2 SInv}
   (You found it on level 4 of the Dungeon)

   Int:       It affects your intelligence (-2).
   Slay:      It affects your accuracy & damage with ranged weapons and melee
   (+2).
   SInv:      It lets you see invisible.
Jewellery
 b - the ring "Ysucrefy" {rF+ rC+ Str+4}
   (You took it off an orc on level 9 of the Dungeon)

   [ring of protection from fire]

   Str:       It affects your strength (+4).
   rF:        It protects you from fire.
   rC:        It protects you from cold.
 C - a ring of flight (left hand)
Wands
 i - a wand of flame (12)
 n - a wand of paralysis (3)
Scrolls
 d - a scroll of amnesia {unknown}
 g - 2 scrolls of fog
 k - a scroll of holy word {unknown}
 l - a scroll of blinking {unknown}
 t - 2 scrolls of teleportation
 u - a scroll of fear {unknown}
 v - a scroll of magic mapping {unknown}
 z - a scroll of brand weapon {unknown}
 A - a scroll of noise {unknown}
Potions
 f - 4 potions of flight
 h - 2 potions of magic
 o - a potion of heal wounds
 q - 3 potions of berserk rage
 r - 3 potions of attraction {unknown}
 s - a potion of degeneration
 w - 2 potions of mutation
 E - a potion of ambrosia
 F - 2 potions of might


   Skills:
 + Level 10.2 Fighting
 * Level 16.3 Axes
 + Level 9.5 Armour
 - Level 4.0 Shields


You had 10 spell levels left.
You didn't know any spells.
Your spell library contained the following spells:

 Spells                   Type           Power      Damage    Failure   Level
 Animate Skeleton         Necr           0%         N/A       100%        1
 Pain                     Necr           0%         1d4       100%        1
 Slow                     Hex            0%         N/A       100%        1
 Static Discharge         Conj/Air       0%         N/A       100%        2
 Confusing Touch          Hex            0%         N/A       100%        3
 Dazzling Flash           Conj/Hex       0%         N/A       100%        3
 Vampiric Draining        Necr           0%         2d6       100%        3
 Dispel Undead            Necr           0%         3d6       100%        4
 Fulminant Prism          Conj/Hex       0%         3d6       100%        4
 Iskenderun's Mystic Bla  Conj/Tloc      0%         2d3       100%        4
 Sticky Flame             Conj/Fire      0%         2d3       100%        4
 Lee's Rapid Deconstruct  Erth           0%         3d5*      100%        5
 Starburst                Conj/Fire      0%         6d3       100%        6


Dungeon Overview and Level Annotations

Branches:
Dungeon (9/15)             Temple (0/1) D:7            Lair (0/6) D:9
    Orc (0/2) D:9         Ossuary (visited)

Altars:
Ru
Sif Muna
Beogh

Shops:
D:1 :   D:2 *

Portals:
Abyss: D:5

Annotations:
D:4 2 runed translucent doors, jimonade's ghost, novice GnWn
D:5 2 transporters, issech's ghost, novice TrMo
D:7 2 transporters, Taeram's ghost, novice TrBe


Message History

A starcursed mass splits.
A starcursed mass splits.
A starcursed mass splits.
A chorus of shrieks assaults your mind.
The quasit gives a chilling moan.
You hear a chilling moan.
A quasit comes into view.
The quasit gives a chilling moan.
A smoke demon comes into view.
A starcursed mass splits.
A chorus of shrieks assaults your mind.
The quasit bites you but does no damage.
The quasit barely misses you.
The quasit claws you but does no damage.
The raiju bursts into living lightning!
The living lightning hits you!
The raiju blinks! x2
The smoke demon gestures at you. Something smites you!
The quasit barely misses you.
The quasit claws you but does no damage.
The quasit completely misses you. The raiju bites you! The raiju shocks you!
A starcursed mass splits.
You block the quasit's attack.
The quasit claws you but does no damage. x2
As you read the scroll of teleportation, it crumbles to dust.
You feel strangely unstable.
You feel the power of the Abyss delaying your translocation!
The quasit bites you but does no damage.
The quasit claws you.
* * * LOW HITPOINT WARNING * * *
You block the quasit's attack. The smoke demon gestures at you.
Something smites you!
* * * LOW HITPOINT WARNING * * *
You block the quasit's attack.
The quasit claws you but does no damage.
The quasit closely misses you. A chorus of shrieks assaults your mind.
* * * LOW HITPOINT WARNING * * *
The raiju bursts into living lightning!
The living lightning hits you!
You die...

###.#...#.# . ##
##XX#3..## #. ..
#.##.#3§#### #
.... #....#.....#
. §. .. #..4#
#..#.#.#
..##.#..h....X...#
#.......###X.#...#
.#..#.##...#.
#.#..
.....§.@5##...#
...
##.##.#...§.#..# .
# ..§###...#
.###.. ## .#.. .#.
.# #. §.§ ## #§


You could see 2 starcursed masses, an orange demon, a smoke demon, a raiju and a
quasit.

Vanquished Creatures
  A deep elf pyromancer (D:8)
  Maurice (D:8)
  A freezing wraith (D:9)
  Psyche (D:8)
  Maggie (D:9)
  A troll (D:6)
  6 flying skulls (Abyss:1)
  2 wyverns (D:7)
  10 yaks
  A wraith (Ossuary)
  A vampire (D:9)
  4 vampire mosquitoes (D:7)
  Eustachio (D:5)
  2 water moccasins
  3 orc warriors
  A sky beast (D:6)
  A black bear (D:4)
  A hornet zombie (D:7)
  An ice beast (D:4)
  A necrophage (D:7)
  An ogre (D:6)
  A small abomination (Abyss:1)
  5 centaurs
  A phantom (D:5)
  3 kobold brigands
  4 bullfrogs
  2 scorpions (D:9)
  A wyvern skeleton (D:5)
  5 killer bees (D:8)
  7 wights
  7 howler monkeys
  2 centaur zombies
  4 hounds
  2 centaur skeletons
  3 orc priests (D:9)
  A bullfrog skeleton (D:6)
  2 jellies (D:6)
  An iguana (D:7)
  5 orc wizards
  A killer bee zombie (D:9)
  A mummy (Ossuary)
  A howler monkey zombie (D:9)
  7 adders
  3 white imps
  2 worms
  2 dart slugs
  21 orcs
  4 ball pythons
  11 endoplasms
  3 giant cockroaches
  5 goblins
  7 hobgoblins
  29 kobolds
  3 quokkas
  6 bats
  2 frilled lizards (D:2)
  8 gnoll skeletons (Ossuary)
  4 kobold skeletons (Ossuary)
  13 orc skeletons (Ossuary)
  6 rats
237 creatures vanquished.

Vanquished Creatures (others)
  A killer bee (D:8)
  An orc wizard (D:8)
  13 fungi (D:9)
  10 plants (D:9)
25 creatures vanquished.

Grand Total: 262 creatures vanquished

Notes
Turn   | Place    | Note
-------+----------+-------------------------------------------
     0 | D:1      | safid the Hill Orc Fighter began the quest for the Orb.
     0 | D:1      | Reached XP level 1. HP: 19/19 MP: 1/1
    65 | D:1      | Found Joad's Book Shoppe.
   164 | D:1      | Reached XP level 2. HP: 27/27 MP: 2/2
   166 | D:1      | Reached skill level 3 in Axes
   786 | D:2      | Reached XP level 3. HP: 15/33 MP: 3/3
  1474 | D:2      | Found Utunemua's Assorted Antiques.
  1488 | D:2      | Reached XP level 4. HP: 38/40 MP: 4/4
  2228 | D:3      | Reached skill level 4 in Axes
  2354 | D:3      | Reached skill level 5 in Axes
  2429 | D:3      | Reached XP level 5. HP: 34/46 MP: 5/5
  2517 | D:3      | Found a faded altar of an unknown god.
  2603 | D:3      | Reached skill level 6 in Axes
  2713 | D:3      | Paralysed by a goblin for 6 turns
  3038 | D:4      | Noticed a black bear
  3038 | D:4      | Noticed an ice beast
  3045 | D:4      | Killed a black bear
  3046 | D:4      | Reached skill level 7 in Axes
  3046 | D:4      | Reached XP level 6. HP: 38/52 MP: 6/6
  3046 | D:4      | Killed an ice beast
  3047 | D:4      | Reached skill level 8 in Axes
  3169 | D:4      | Found a runed translucent door.
  3175 | D:4      | Noticed jimonade's ghost (novice GnWn)
  3206 | D:4      | Reached XP level 7. HP: 42/59 MP: 7/7
  3281 | D:4      | Found a sand-covered staircase.
  3295 | Ossuary  | Entered an ossuary
  3295 | Ossuary  | Noticed a wraith
  3295 | Ossuary  | Noticed a wraith
  3295 | Ossuary  | Noticed a wraith
  3391 | Ossuary  | Noticed a wraith
  3414 | Ossuary  | Killed a wraith
  3415 | Ossuary  | Reached skill level 9 in Axes
  3935 | D:4      | Identified the +0 pair of gloves of Vlad {Int-2 Slay+2
                  | SInv}
  4021 | D:4      | Found a runed translucent door.
  4771 | D:5      | Entered Level 5 of the Dungeon
  4816 | D:5      | Found a transporter.
  4819 | D:5      | Noticed issech's ghost (novice TrMo)
  4843 | D:5      | Reached skill level 10 in Axes
  4859 | D:5      | Noticed Eustachio
  4875 | D:5      | Killed Eustachio
  5084 | D:5      | Found a one-way gate to the infinite horrors of the Abyss.
  5096 | D:5      | Found a transporter.
  5248 | D:5      | Reached skill level 11 in Axes
  5248 | D:5      | Reached XP level 8. HP: 53/66 MP: 8/8
  5684 | D:5      | Became a worshipper of Beogh the Brigand
  5886 | D:6      | Noticed a troll
  5893 | D:6      | Reached skill level 12 in Axes
  6202 | D:6      | Reached skill level 13 in Axes
  6683 | D:6      | Reached XP level 9. HP: 68/71 MP: 9/9
  6690 | D:6      | Reached * piety under Beogh
  6698 | D:6      | Killed a troll
  6699 | D:6      | Reached skill level 14 in Axes
  7094 | D:7      | Reached skill level 15 in Axes
  7400 | D:7      | Reached skill level 16 in Axes
  7653 | D:7      | Found a staircase to the Ecumenical Temple.
  7676 | D:7      | Noticed a queen bee
  7686 | D:7      | Noticed Taeram's ghost (novice TrBe)
  7689 | D:7      | Found a transporter.
  7694 | D:7      | Found a transporter.
  7778 | D:7      | Reached skill level 5 in Fighting
  8060 | D:7      | Found a shimmering blue altar of Sif Muna.
  8061 | D:7      | Found a sacrificial altar of Ru.
  8093 | D:8      | Noticed a deep elf pyromancer
  8101 | D:7      | Reached skill level 5 in Armour
  8167 | D:8      | Reached XP level 10. HP: 32/83 MP: 10/10
  8679 | D:8      | Killed a deep elf pyromancer
  9216 | D:8      | Noticed Maurice
  9224 | D:8      | Killed Maurice
  9380 | D:8      | Noticed Psyche
  9564 | D:8      | Killed Psyche
 10312 | D:9      | Found a staircase to the Orcish Mines.
 10679 | D:9      | Reached ** piety under Beogh
 10832 | D:9      | Noticed Maggie
 11074 | D:9      | Reached XP level 11. HP: 61/97 MP: 11/11
 11612 | D:9      | Killed Maggie
 11621 | D:9      | Reached skill level 10 in Fighting
 12330 | D:9      | Identified the ring "Ysucrefy" {rF+ rC+ Str+4}
 12388 | D:9      | Found a staircase to the Lair.
 12462 | D:9      | Found a roughly hewn altar of Beogh.
 12485 | D:9      | Paralysed by an orc for 4 turns
 12727 | D:9      | Cast into level 1 of the Abyss (orc warrior)
 12783 | Abyss:1  | Found a corrupted altar of Lugonu.
 12797 | Abyss:1  | Noticed a vampire mage
 12857 | Abyss:1  | Noticed a large abomination
 12882 | Abyss:1  | Noticed a starcursed mass
 12911 | Abyss:1  | Killed from afar by a raiju

Illustrated notes

Levels and vault maps discovered:
D:1:      minmay_arrival_solitary_statue, layout_rooms, serial_shops, shop
D:2:      layout_basic, serial_co_window_serial, co_window_corner_a,
          co_window_of_opportunity_a, co_window_paths_a, co_window_paths_a,
          co_window_corner_a, co_window_corner_a, co_window_unsneaky_path_b,
          co_window_unsneaky_path_e, co_window_cross_4, co_window_corner_b,
          co_window_broadway_c, co_window_paths_d, glass_columns_b,
          glass_columns_c, glass_columns_a, glass_columns_c, serial_shops, shop
D:3:      layout_loops_cross, ebering_ecumenical_altar_sacrificial,
          amcnicky_mini_pool_small, minivault_19
D:4:      layout_layer_cave, ebering_ghost_sewer_f, nicolae_ossuary_entry_ruins
D:5:      layout_basic, gammafunk_ghost_abyssal_escape, uniq_eustachio
D:6:      layout_basic, minmay_manual_moon
D:7:      layout_rooms, gammafunk_temple_overflow_statue,
          minmay_temple_entry_butterflies, gammafunk_ghost_hive
D:8:      layout_loops_ring, uniq_maurice, uniq_psyche
D:9:      nicolae_cairo_tiling_very_big, layout_stronghold,
          grunt_lair_entry_orc_guard_hut, minmay_orc_entry_temple_small,
          kennysheep_generic_room_15, uniq_maggie
Abyss:1:  base: D:6, base:
D:6

Skill      XL: |  1  2  3  4  5  6  7  8  9 10 11 |
---------------+----------------------------------+-----
Axes           | 3 5 7 8 11 13 16 | 16.3
Fighting       | 4 5 9 10 | 10.2
Armour         | 4 5 8 9 |  9.5
Shields        | 4 |  4.0

Action                   |  1- 3 |  4- 6 |  7- 9 | 10-12 || total
-------------------------+-------+-------+-------+-------++-------
Melee: War axe           |    88 |   133 |   272 |   212 ||   705
       Unarmed           |       |       |       |     7 ||     7
       Broad axe         |       |       |       |    55 ||    55
Throw: Dart              |       |       |     1 |     8 ||     9
Invok: Convert to Beogh  |       |       |     1 |       ||     1
  Use: Potion            |       |     1 |       |     6 ||     7
       Scroll            |       |       |     6 |    10 ||    16
Armor: Scale mail        |    38 |    87 |   107 |    69 ||   301
       Skin              |       |       |       |    22 ||    22
       Plate armour      |       |       |       |    26 ||    26
       Acid dragon scale |       |       |       |     8 ||     8
Dodge: Dodged            |    28 |    67 |   108 |   113 ||   316
Block: Buckler           |    19 |    29 |    56 |    39 ||   143
